 Dungeon Crawl Stone Soup version 0.30-a0-782-ge64f9170bb (webtiles) character file.

Game seed: 4552093762464248937

48 IndexError the Shooter (level 3, -1/20 HPs)
             Began as a Gargoyle Hexslinger on Feb 22, 2023.
             Slain by an orc
             ... wielding a +0 flail
              (7 damage)
             ... on level 2 of the Dungeon.
             The game lasted 00:02:45 (1383 turns).

IndexError the Shooter (Gargoyle Hexslinger)        Turns: 1383, Time: 00:02:45

Health: -1/20      AC:  5    Str: 13    XL:     3   Next: 72%
Magic:  4/4        EV: 12    Int: 13    God:
Gold:   28         SH:  0    Dex: 12    Spells: 3/4 levels left

rFire   . . .      SeeInvis .    a - +1 sling
rCold   . . .      Faith    .    (no shield)
rNeg    + . .      Spirit   .    c - +0 robe
rPois   ∞          Reflect  .    (no helmet)
rElec   +          Harm     .    (no cloak)
rCorr   .          Rampage  .    (no gloves)
Will    .....                    (no boots)
Stlth   +                        (no amulet)
HPRegen 0.23/turn                t - ring of wizardry {Wiz+, !d}
MPRegen 0.09/turn                (no ring)

@: no status effects
A: sickness immunity, AC +3, negative energy resistance 1, electricity
resistance, torment resistance 1, petrification resistance
a: no special abilities


You were on level 2 of the Dungeon.
You visited 1 branch of the dungeon, and saw 3 of its levels.

You collected 28 gold pieces.

Inventory:

Hand Weapons
 a - a +1 sling (weapon)
Missiles
 j - 7 poisoned darts
Armour
 c - a +0 robe (worn)
 d - a +0 ring mail
   (You found it on level 1 of the Dungeon)
 h - a +0 leather armour
   (You found it on level 1 of the Dungeon)
 l - a +0 leather armour
   (You found it on level 1 of the Dungeon)
 m - a +0 chain mail
   (You found it on level 1 of the Dungeon)
 n - a +0 chain mail
   (You found it on level 1 of the Dungeon)
 o - a +0 leather armour
   (You found it on level 1 of the Dungeon)
Jewellery
 t - a ring of wizardry (left hand) {Wiz+, !d}
   (You found it on level 2 of the Dungeon)
Scrolls
 b - a scroll of poison
 e - 2 scrolls of blinking {unknown}
 f - 3 scrolls of identify {unknown}
 g - 4 scrolls of teleportation {unknown}
 k - a scroll of fog {unknown}
 r - a scroll of vulnerability {unknown}
 s - a scroll of magic mapping {unknown}
Potions
 i - a potion of flight {unknown}
 p - a potion of curing {unknown}
 q - a potion of haste {unknown}


   Skills:
 - Level 1.2 Fighting
 * Level 3.3 Ranged Weapons
 - Level 1.6 Dodging
 - Level 1.0 Spellcasting
 + Level 3.1 Hexes


You had 3 spell levels left.
You knew the following spells:

 Your Spells              Type           Power      Damage    Failure   Level
s - Slow                  Hex            32%        N/A       3%          1

Your spell library contained the following spells:

 Spells                   Type           Power      Damage    Failure   Level
 Inner Flame              Hex/Fire       4%         N/A       17%         3
 Portal Projectile        Hex/Tloc       8%         N/A       17%         3
 Cause Fear               Hex            4%         N/A       28%         4


Dungeon Overview and Level Annotations

Branches:
Dungeon (3/15)

Altars:

Annotations:
D:2 1 runed translucent door, Crazy Yiuf


Innate Abilities, Weirdness & Mutations

You are immune to sickness and miasma.
Your stone body is resilient. (AC +3)
You are immune to poison.
You resist negative energy. (rN+)
You are resistant to electric shocks. (rElec)
You are resistant to unholy torment.
You are immune to petrification.


Message History

Crazy Yiuf sings, "Trees, trees, trees, circus!"
You see here a +0 hammer.
You see here a +0 hammer.
Spoiler Alert: Crazy Yiuf can hit for high damage in melee!
MP restored: 4
Press: ? - help, v - describe, . - travel, g - get item
Here: Crazy Yiuf, wielding a +4 quarterstaff of chaos and wearing a +2 cloak (fire blocked by a runed translucent door) Item here: a hammer.
The floor.
You see here a +0 hammer.
You see here a +0 hammer.
You see here a +0 hammer.
You see here a +0 hammer.
There is a stone staircase leading up here.
There is a stone staircase leading down here.
You climb downwards.
There is a stone staircase leading up here.
You climb upwards.
Level annotation: 1 runed translucent door, Crazy Yiuf
There is a stone staircase leading down here.
There is a stone staircase leading down here.
You climb downwards.
Found a stone staircase leading up.
There is a stone staircase leading up here.
You shoot a sling bullet.
The sling bullet barely misses the quokka.
You shoot a sling bullet.
The sling bullet barely misses the quokka.
You shoot a sling bullet. The sling bullet hits the quokka.
No target in view!
You climb upwards.
Level annotation: 1 runed translucent door, Crazy Yiuf
There is a stone staircase leading down here.
There is a stone staircase leading down here.
You climb downwards.
Found an escape hatch in the floor.
There is a stone staircase leading up here.
A ball python comes into view.
You shoot a sling bullet. The sling bullet hits the ball python.
An orc comes into view. It is wielding a +0 dagger. x2
You shoot a sling bullet.
The sling bullet closely misses the orc.
The orc shouts! x2; You hear a shout!
You shoot a sling bullet. The sling bullet hits the orc.
An orc comes into view. It is wielding a +0 flail.
A dart slug comes into view.
You see here a quokka corpse.
There is a stone staircase leading up here.
You shoot a sling bullet. The sling bullet hits the orc.
You shoot a sling bullet. The sling bullet hits the orc.
An orc comes into view. It is wielding a +0 short sword.
You shoot a sling bullet. The orc shouts!
The sling bullet hits the orc but does no damage.
You shoot a sling bullet. The sling bullet hits the orc.
You shoot a sling bullet. The sling bullet hits the orc.
You shoot a sling bullet. The sling bullet barely misses the orc.
The orc completely misses you. The orc hits you but does no damage.
You shoot a sling bullet. The sling bullet hits the orc.
The orc closely misses you. x2
You shoot a sling bullet. The sling bullet hits the orc.
You shoot a sling bullet. The sling bullet hits the dart slug.
The orc closely misses you. The dart slug closely misses you.
You shoot a sling bullet. The sling bullet hits the dart slug.
The orc barely misses you. The orc closely misses you.
You shoot a sling bullet. The sling bullet hits the dart slug!
The orc closely misses you.
You shoot a sling bullet.
The sling bullet closely misses the orc.
The orc hits you with a +0 short sword. The orc closely misses you.
You take 5 damage, and have 15/20 hp.
MASSIVE DAMAGE!!
You shoot a sling bullet.
The sling bullet closely misses the orc.
The orc hits you with a +0 short sword. The orc hits you but does no damage.
You shoot a sling bullet. The sling bullet hits the orc.
The orc closely misses you. The orc hits you but does no damage.
The orc completely misses you. The orc hits you with a +0 short sword.
You are too injured to fight recklessly!
You take 4 damage, and have 11/20 hp.
You are too injured to fight recklessly!
You are too injured to fight recklessly!
You are too injured to fight recklessly!
You are too injured to fight recklessly!
You are too injured to fight recklessly!
You are too injured to fight recklessly!
You are too injured to fight recklessly!
You are too injured to fight recklessly!
You are too injured to fight recklessly!
You are too injured to fight recklessly!
You are too injured to fight recklessly!
You are too injured to fight recklessly!
You are too injured to fight recklessly!
The orc hits you with a +0 flail. The orc hits you but does no damage.
You climb upwards.
Level annotation: 1 runed translucent door, Crazy Yiuf
There is a stone staircase leading down here.
The orc hits you with a +0 short sword.
* * * LOW HITPOINT WARNING * * *
The orc hits you with a +0 flail!
You die...

......# #.# #####.# #.##
#####.# #..# ......## ##.#
#####..######## #.#
#..........##### #.#
#......###.....### #.#
#.(....######....# #.#
####......##...o@...# #.#
.............###>o..# #.#
..........#### ###### #.#
##........### #.#
...###.#....#### #.# ####
#.#.##....## #.# #
#.#.#####..# #.#
######.#.######.#######.#
.....................##.###


You could see 2 orcs.

Vanquished Creatures
  2 dart slugs
  2 orcs (D:3)
  2 endoplasms (D:1)
  A giant cockroach (D:1)
  2 goblins
  7 hobgoblins
  6 jackals
  A kobold (D:1)
  A quokka (D:3)
  2 ball pythons
  3 bats (D:1)
  A frilled lizard (D:2)
  7 rats
37 creatures vanquished.

Notes
Turn   | Place    | Note
-------+----------+-------------------------------------------
     0 | D:1      | IndexError the Gargoyle Hexslinger began the quest for the
                  | Orb.
     0 | D:1      | Reached XP level 1. HP: 12/12 MP: 2/2
    89 | D:1      | Reached XP level 2. HP: 16/16 MP: 3/3
   535 | D:1      | Reached skill level 3 in Hexes
   617 | D:2      | Reached XP level 3. HP: 20/20 MP: 4/4
   643 | D:2      | Found a runed translucent door.
   644 | D:2      | Noticed Crazy Yiuf
   823 | D:2      | Reached skill level 3 in Ranged Weapons
  1383 | D:2      | Slain by an orc

Illustrated notes

Levels and vault maps discovered:
D:1:      scummos_arrival_forest, layout_rooms
D:2:      layout_rooms, kennysheep_cluttered_room, uniq_crazy_yiuf_cottage
D:3:      minmay_thinvault, layout_basic, nicolae_gozag_seed_capital,
          hellmonk_ecumenical_altar_pennies_from_heaven, serial_shops, shop

Skill      XL: |  1  2  3 |
---------------+----------+-----
Hexes          | 3 |  3.1
Ranged Weapons | 3 |  3.3
Fighting       | |  1.2
Dodging        | |  1.6
Spellcasting   | |  1.0

Action                     || total
---------------------------++-------
   Fire: Sling             ||   151
   Cast: Slow              ||     1
 Armour: Robe              ||    44
  Dodge: Dodged            ||    69

Table legend: (Time is in decaauts)
 A = Elapsed time spent in this place.
 B = Non-inter-level travel time spent in this place.
 C = Inter-level travel time spent in this place.
 D = Time resting spent in this place.
 E = Time spent auto-exploring this place.
 F = Levels seen in this place.
 G = Mean time per level.
                   A        B        C        D        E       F      G
               +--------+--------+--------+--------+--------+-----+--------+
         Total |   1423 |   1277 |    146 |      0 |    958 |   3 |  474.3 |
       Dungeon |   1423 |   1277 |    146 |      0 |    958 |   3 |  474.3 |
               +--------+--------+--------+--------+--------+-----+--------+

Top non-repeatable levels by time:
     D:2: 804 daAuts
     D:1: 582 daAuts
     D:3: 36 daAuts

Table legend:
 A = Kills in this place as a percentage of kills in entire the game.
 B = Kills by you in this place as a percentage of kills by you in the entire game.
 C = Kills by friends in this place as a percentage of kills by friends in the entire game.
 D = Other kills in this place as a percentage of other kills in the entire game.
 E = Experience gained in this place as a percentage of experience gained in the entire game.
 F = Experience gained in this place divided by the number of levels of this place that you have seen.
                   A       B       C       D       E      F
               +-------+-------+-------+-------+-------+----------------------
         Total | 100.0 | 100.0 |   N/A |   N/A | 100.0 |  23.0
       Dungeon | 100.0 | 100.0 |   N/A |   N/A | 100.0 |  23.0
               +-------+-------+-------+-------+-------+----------------------
